 Dungeon Crawl Stone Soup version 0.23.0 (webtiles) character file.

Game seed: 391093567577485385

17 Monsterracer the Insei (level 2, -2/19 HPs)
             Began as a Halfling Transmuter on Feb 18, 2019.
             Slain by a gnoll (4 damage)
             ... on level 1 of the Dungeon.
             The game lasted 00:02:04 (1176 turns).

Monsterracer the Insei (Halfling Transmuter)        Turns: 1176, Time: 00:02:05

Health: -2/19      AC:  5    Str: 11    XL:     2   Next: 80%
Magic:  4/4        EV: 13    Int: 11    God:
Gold:   35         SH:  0    Dex: 14    Spells: 3/4 levels left

rFire    . . .     SeeInvis .   e - +0 short sword
rCold    . . .     Gourm    .   (shield restricted)
rNeg     . . .     Faith    .   i - +0 ring mail
rPois    .         Spirit   .   (no helmet)
rElec    .         Reflect  .   (no cloak)
rCorr    .         Harm     .   (no gloves)
MR       .....                  (no boots)
Stlth    +.........             (no amulet)
HPRegen  0.06/turn              (no ring)
MPRegen  0.09/turn              (no ring)

@: no status effects
A: small, mutation resistance 1
a: no special abilities


You were on level 1 of the Dungeon.
You were hungry.

You visited 1 branch of the dungeon, and saw 2 of its levels.

You collected 35 gold pieces.

Inventory:

Hand Weapons
 e - a +0 short sword (weapon)
Missiles
 a - 39 arrows
 k - a throwing net (quivered) {!f}
Armour
 i - a +0 ring mail (worn)
Scrolls
 b - a scroll of amnesia {unknown}
 d - a scroll of fear {unknown}
 f - a scroll of identify {unknown}
 h - a scroll of immolation {unknown}
 j - a scroll of blinking {unknown}
Potions
 g - a potion of agility {unknown}
Comestibles
 c - a ration


   Skills:
 * Level 2.0 Fighting
 + Level 1.0 Short Blades
 - Level 2.1 Dodging
 - Level 2.4 Unarmed Combat
 - Level 1.5 Spellcasting
 - Level 1.2 Transmutations


You had 3 spell levels left.
You knew the following spells:

 Your Spells              Type           Power        Failure   Level  Hunger
j - Beastly Appendage     Tmut           #.....       41%         1    ##.....

Your spell library contained the following spells:

 Spells                   Type           Power        Failure   Level  Hunger
 Sticks to Snakes         Tmut           #.......     56%         2    ###....
 Spider Form              Tmut/Pois      #.........   86%         3    ####...
 Ice Form                 Ice/Tmut       #.......     99%         4    #####..
 Blade Hands              Tmut           #.........   100%        5    ######.


Dungeon Overview and Level Annotations

Branches:
Dungeon (2/15)

Altars:


Innate Abilities, Weirdness & Mutations

You are small and have problems with some larger weapons.
You are somewhat resistant to further mutation.


Message History

You hit the jackal.
You kill the jackal!
No target in view!
You see here a jackal corpse.
You see here a jackal corpse.
There is an escape hatch in the floor here.
You see here a robe.
Key pressed, stopping explore.
You now have 35 gold pieces (gained 7).
You see here 21 stones.
Done exploring.
Health restored: 19 No target in view!
Done exploring.
No target in view!
Done exploring.
No target in view!
You see here 21 stones.
There is a stone staircase leading down here.
You climb downwards.
A bat, an adder and a worm come into view.
Found an escape hatch in the ceiling.
There is a stone staircase leading up here.
You climb upwards.
There is a stone staircase leading down here.
Search for what [? for help]? rin You see here a ring mail.
i - a ring mail Wear which item? (? for menu, Esc to quit)
You start removing your armour.
You continue taking off your +0 robe. x4
You finish taking off your +0 robe.
You start putting on your armour.
You continue putting on your ring mail. x5
You finish putting on your +0 ring mail.
Drop what? 9/52 slots (_ for help) (? for menu, Esc to quit)
You drop a +0 robe.
There is a stone staircase leading down here.
You climb downwards.
Found three items.
There is a stone staircase leading up here.
b - a scroll labeled RUC FIETACAM
j - a scroll labeled NUXYET RUIKH 4 gnolls come into view.
The gnoll shouts! x4
The gnoll throws a throwing net.
The throwing net closely misses you.
You see here a throwing net {!f}.
k - a throwing net {!f} The gnoll hits you but does no damage.
The gnoll hits you but does no damage. The gnoll barely misses you.
Casting: Beastly Appendage (safe; 41% risk of failure)
Confirm with . or Enter, or press ? or * to list all spells.
Okay, then.
You are feeling hungry.
You hit the gnoll.
The gnoll is lightly wounded.
The gnoll hits you but does no damage. The gnoll hits you but does no damage.
The gnoll closely misses you. The gnoll hits you with a +0 spear!
The gnoll hits you but does no damage.
You take 7 damage, and have 12/19 hp.
MASSIVE DAMAGE!!
The gnoll barely misses you.
The gnoll hits you from afar with a +0 spear.
* * * LOW HITPOINT WARNING * * *
You take 3 damage, and have 9/19 hp.
The gnoll throws a throwing net.
The throwing net hits you.
You become entangled in the net!
You see here a throwing net {!f}.
You struggle against the net.
You struggle against the net.
You shred the net and break free! The gnoll hits you.
* * * LOW HITPOINT WARNING * * *
You take 3 damage, and have 7/19 hp.
There is a stone staircase leading up here.
The gnoll barely misses you.
You climb upwards.
There is a stone staircase leading down here.
The gnoll closely misses you. The gnoll closely misses you.
You hit the gnoll but do no damage.
The gnoll is lightly wounded.
The gnoll hits you.
* * * LOW HITPOINT WARNING * * *
You take 3 damage, and have 5/19 hp.
The gnoll hits you.
* * * LOW HITPOINT WARNING * * *
You take 3 damage, and have 4/19 hp.
The gnoll hits you.
* * * LOW HITPOINT WARNING * * *
You take 1 damage, and have 3/19 hp.
Unknown command.
The gnoll hits you.
* * * LOW HITPOINT WARNING * * *
You take 3 damage, and have 1/19 hp.
Unknown command. (m)acro, (M)acro raw, keymap [(k) default, (x) level-map, (t)argeting, (c)onfirm, m(e)nu], (s)ave?
Input macro trigger key: p Input macro action: ybjjjjjnukkkkk Created macro 'p' => 'ybjjjjjnukkkkk'.
The gnoll closely misses you.
You hit the gnoll but do no damage. The gnoll hits you.
You die...

.# #.#.####.###.#.#.# ##
#.#......# #.#.#.#
#.#.####.###.#.#.#
#).........#.#.#.#
############.###.#.#.#.#.#
#...##..# #..##.#g#.#.#.#
#.##....# ##.##.#.#.#.#.#
##.###.<# #.##g#.#.#.#.#
.###....# #.##@#.#.#.#.#
#.#.##..#####.##.#.#.#.#.#
#..#######.......#.#.#.#.#
#### #.#.#.#...#.#[#.#
#.........#.#.#.#
##.#.#.#...#.#.#.#
#........#.#.#.#.#
#..#.#.#.#.#.#.#.#
#........#.#.#.#.#


You could see a gnoll.

Vanquished Creatures
  A ball python (D:1)
  A giant cockroach (D:1)
  2 goblins (D:1)
  4 jackals (D:1)
  2 bats (D:1)
  3 kobolds (D:1)
  2 rats (D:1)
15 creatures vanquished.

Notes
Turn   | Place    | Note
-------+----------+-------------------------------------------
     0 | D:1      | Monsterracer the Halfling Transmuter began the quest for
                  | the Orb.
     0 | D:1      | Reached XP level 1. HP: 12/12 MP: 3/3
    73 | D:1      | Reached skill level 1 in Fighting
   363 | D:1      | Reached XP level 2. HP: 18/18 MP: 4/4
   619 | D:1      | Reached skill level 1 in Short Blades
  1080 | D:2      | HP: 9/19 [gnoll/+0 spear (3)]
  1088 | D:2      | HP: 7/19 [gnoll (3)]
  1102 | D:1      | HP: 5/19 [gnoll (3)]
  1133 | D:1      | HP: 4/19 [gnoll (3)]
  1141 | D:1      | HP: 3/19 [gnoll (1)]
  1148 | D:1      | HP: 1/19 [gnoll (3)]
  1176 | D:1      | Slain by a gnoll

Skill      XL: |  1  2 |
---------------+-------+-----
Fighting       | 1 2 |  2.0
Short Blades   | 1 |  1.0
Dodging        | |  2.1
Unarmed Combat | |  2.4
Spellcasting   | |  1.5
Transmutations | |  1.2

Action                   || total
-------------------------++-------
Melee: Short sword       ||    39
       Unarmed           ||     4
       Whip              ||     3
 Stab: Sleeping          ||     2
Armor: Robe              ||     3
       Ring mail         ||     4
Dodge: Dodged            ||    42

Levels and vault maps discovered:
D:1:      dpeg_arrival_signposts, layout_basic, glass_columns_b,
          amethyst_killhole
D:2:      layout_basic, yredelemnul_altar_generic, uniq_natasha
